 Dungeon Crawl Stone Soup version 0.21-a0-251-g5e8393f (webtiles) character file.

6 KristoblXynda the Charlatan (level 1, 0/9 HPs)
             Began as a Spriggan Artificer on Sept 5, 2017.
             Slain by a kobold
             ... wielding a +0 dagger
              (3 damage)
             ... on level 1 of the Dungeon.
             The game lasted 00:00:34 (239 turns).

KristoblXynda the Charlatan (Spriggan Artificer)     Turns: 239, Time: 00:00:34

Health: 0/9        AC:  2    Str:  8    XL:     1   Next: 75%
Magic:  4/4        EV: 18    Int: 12    God:
Gold:   46         SH:  0    Dex: 16    Spells: 0/0 levels left

rFire    . . .     SeeInvis +   a - +0 short sword
rCold    . . .     Gourm    .   (shield restricted)
rNeg     . . .     Faith    .   b - +0 robe
rPois    .         Spirit   .   (helmet restricted)
rElec    .         Reflect  .   (no cloak)
rCorr    .         Harm     .   (gloves unavailable)
MR       .....                  (boots unavailable)
Stlth    ++........             (no amulet)
HPRegen  0.03/turn              (no ring)
MPRegen  0.09/turn              (no ring)

@: very quick
A: unfitting armour, see invisible, herbivore 3, speed 3, slow metabolism 2
a: no special abilities


You were on level 1 of the Dungeon.
You were not hungry.

You visited 1 branch of the dungeon, and saw 2 of its levels.

You collected 46 gold pieces.

Inventory:

Hand Weapons
 a - a +0 short sword (weapon)
Armour
 b - a +0 robe (worn)
Wands
 c - a wand of flame (15/48)
 d - a wand of enslavement (15/24)
 e - a wand of random effects (15/48)
Scrolls
 h - a scroll of teleportation {unknown}
Potions
 g - a potion of heal wounds {unknown}
 i - a potion of curing {unknown}
Comestibles
 f - a bread ration


   Skills:
 - Level 0.7 Fighting
 + Level 1.3 Short Blades
 - Level 3.0 Dodging
 + Level 2.1 Stealth
 + Level 4.2 Evocations


You couldn't memorise any spells.
You didn't know any spells.

Dungeon Overview and Level Annotations

Branches:
Dungeon (2/15)

Altars:


Innate Abilities, Weirdness & Mutations

You are very small and have problems with some larger weapons.
You are too small for most types of armour.
You have supernaturally acute eyesight. (SInv)
You are a herbivore.
You cover ground extremely quickly.
You need consume almost no food.


Message History

You see here a bat corpse.
There is a stone staircase leading up here.
You climb upwards. 2 kobolds come into view.
Found 14 gold pieces and 2 javelins.
There is a stone staircase leading down here.
There are monsters nearby!
The kobold shouts! x2
The kobold closely misses you.
You completely miss the kobold. The kobold barely misses you.
The kobold closely misses you.
You closely miss the kobold. The kobold closely misses you. x2
You barely miss the kobold. The kobold misses you.
The kobold hits you with a dagger.
You hit the kobold.
You kill the kobold!
Your Stealth skill increases to level 2!
The kobold hits you with a dagger.
You closely miss the kobold. The kobold hits you with a dagger.
You die...

##+##
##...##
##.....##
##.......##
#(........#
+...K†...$+
#....@....#
##....>..##
##.....##
##...##
##+##


You could see a kobold.

Vanquished Creatures
  2 goblins
  A hobgoblin (D:1)
  A kobold (D:1)
  A bat (D:2)
5 creatures vanquished.

Notes
Turn   | Place    | Note
-------+----------+-------------------------------------------
     0 | D:1      | KristoblXynda the Spriggan Artificer began the quest for the Orb.
     0 | D:1      | Reached XP level 1. HP: 9/9 MP: 4/4
   179 | D:1      | You fall through a shaft!
   239 | D:1      | Slain by a kobold

Vault maps used:
D:1:      minmay_arrival_stone_box, minmay_misc_feat_more_columns,
          serial_park_tiny_pond
D:2:      st_stairs_7

Skill      XL: |  1 |
---------------+----+-----
Stealth        | 2 |  2.1
Fighting       | |  0.7
Short Blades   | |  1.3
Dodging        | |  3.0
Evocations     | |  4.2

Action                   || total
-------------------------++-------
Melee: Short sword       ||    23
 Stab: Sleeping          ||     2
Armor: Robe              ||     2
Dodge: Dodged            ||    23

Table legend:
 A = Spawn XP
 B = Non-spawn XP
 C = Spawn XP percentage of total XP
 D = Spawn monster count
 E = Non-spawn monster count
 F = Spawn count percentage of total count
 G = Total turns spent on level
                    A         B        C        D         E        F      G
               +---------+---------+-------+---------+---------+-------+---------
         Total |       0 |       9 |   0.0 |       0 |       5 |   0.0 |   239
               +---------+---------+-------+---------+---------+-------+---------
           D:1 |       0 |       6 |   0.0 |       0 |       3 |   0.0 |   185
           D:2 |       0 |       3 |   0.0 |       0 |       2 |   0.0 |    54
               +---------+---------+-------+---------+---------+-------+---------
